AoeStats
← 竞技场场王

Arena

509562044Analyzed
4v4 RM · 6d ago on Sep 27, 2026· 36m 34s· 8 players
Game mode
Random Map
Map size
Large (8 player)
Population
200
Speed
Normal
Resources
Standard
Victory
Conquest
Starting age
Dark Age
Ending age
Imperial Age
RankedLock teamsTeams togetherTeam positionsShared explorationLock speedFull tech treeHidden civsTurbo modeCheats
Victory
Defeat
🇹🇼 Teutons · Taiwan
1247
+17
🇮🇳 Varangians · India
1230
+18
🇧🇷 Malians · Brazil
1211
+19
🇹🇼 Turks · Taiwan
1200
+20
🇯🇵 Britons · Japan
1289
-19
🇨🇳 Magyars · China
1289
-19
🇨🇳 Saxons · China
1267
-18
🇨🇳 Danes · China
1256
-18
samarth310393
10:38 Feudal Age
11:12 Double-Bit Axe
11:09 Horse Collar
12:38 Loom
15:49 Castle Age
14:27 Gold Mining
21:46 Wheelbarrow
22:43 Bow Saw
22:31 Stone Mining
23:56 Heavy Plow
26:09 Town Watch
29:19 Imperial Age
27:41 Husbandry
28:06 Hand Cart
28:27 Scale Barding Armor
28:35 Forging
29:06 Bloodlines
29:20 Fletching
29:59 Light Cavalry
30:25 Cavalier
32:14 Chain Barding Armor
傳奇商店
11:05 Feudal Age
16:39 Castle Age
14:36 Double-Bit Axe
15:27 Loom
21:34 Imperial Age
20:15 Horse Collar
21:25 Fletching
21:35 Padded Archer Armor
25:38 Bow Saw
26:10 Gold Mining
26:41 Heavy Plow
34:29 Wheelbarrow
76561199637712823
11:21 Feudal Age
12:33 Double-Bit Axe
12:29 Horse Collar
14:58 Castle Age
15:04 Loom
18:42 Bow Saw
21:41 Forging
24:28 Wheelbarrow
29:42 Imperial Age
29:17 Scale Mail Armor
29:56 Iron Casting
30:52 Conscription
31:09 Squires
31:53 Scale Mail Armor
32:05 Gold Mining
BC
10:27 Feudal Age
14:51 Castle Age
13:53 Double-Bit Axe
15:31 Wheelbarrow
17:28 Bow Saw
18:02 Gold Mining
19:33 Loom
23:19 Bloodlines
26:07 Horse Collar
26:39 Scale Barding Armor
28:23 Forging
28:57 Chain Barding Armor
30:51 Iron Casting
34:54 Imperial Age
34:27 Heavy Plow
34:47 Hand Cart
35:02 Cavalier
36:19 Plate Barding Armor
37:22 Blast Furnace
JIANG
11:02 Feudal Age
11:41 Horse Collar
16:23 Castle Age
14:52 Double-Bit Axe
16:23 Wheelbarrow
21:22 Loom
24:41 Hand Cart
26:16 Corvinian Army
26:14 Gold Mining
27:35 Bloodlines
27:14 Town Watch
27:37 Scale Barding Armor
31:18 Imperial Age
29:52 Chain Barding Armor
29:46 Husbandry
29:43 Stone Mining
30:22 Town Patrol
31:01 Heavy Plow
30:58 Fletching
31:26 Elite Magyar Huszar
32:28 Conscription
33:17 Plate Barding Armor
32:34 Heavy Cavalry Archer
33:39 Parthian Tactics
33:22 Recurve Bow
33:24 Bodkin Arrow
33:29 Padded Archer Armor
34:21 Thumb Ring
36:00 Bracer
36:16 Leather Archer Armor
168kcal
9:53 Feudal Age
9:12 Loom
13:49 Castle Age
11:45 Horse Collar
11:53 Double-Bit Axe
15:31 Wheelbarrow
15:10 Bow Saw
18:49 Loom
22:08 Wheelbarrow
21:42 Town Watch
22:39 Fletching
22:49 Padded Archer Armor
23:48 Bodkin Arrow
23:51 Crossbowman
25:58 Heavy Plow
25:49 Gold Mining
25:50 Stone Mining
28:30 Leather Archer Armor
29:59 Hand Cart
36:00 Ballistics
35:53 Fortified Wall
36:07 Fortified Wall
竞技场场王
10:31 Feudal Age
11:08 Double-Bit Axe
14:01 Castle Age
11:57 Horse Collar
15:49 Heavy Plow
21:51 Wheelbarrow
21:29 Bow Saw
22:09 Gold Mining
22:40 Loom
23:26 Hand Cart
22:57 Town Watch
24:03 Fletching
29:39 Gold Shaft Mining
28:55 Stone Mining
32:34 Imperial Age
30:12 Guard Tower
30:42 Scale Mail Armor
30:53 Forging
31:14 Squires
32:50 Chain Mail Armor
35:09 Siege Engineers
不太爽
10:26 Feudal Age
14:13 Castle Age
13:38 Double-Bit Axe
14:43 Loom
14:24 Pikeman
15:24 Horse Collar
22:32 Wheelbarrow
22:10 Bow Saw
22:11 Heavy Plow
23:40 Town Watch
28:49 Stone Mining
28:57 Gold Mining
30:28 Gambesons
30:04 Man-at-Arms
30:47 Squires
33:53 Imperial Age
32:04 Scale Mail Armor
32:49 Forging
34:08 Squires
Connection lost

Rejoining the realm…

Still unreachable

The connection could not be restored.

Session expired

The server has moved on; the page needs a fresh start.